 Dungeon Sprint DCSS version 0.18.1-6-gd335043 (webtiles) character file.

17672 Hipnos the Ninja (level 12, 0/56 HPs)
             Began as a Spriggan Enchanter on May 20, 2016.
             Was the Champion of Sif Muna.
             Killed by divine providence
             ... invoked by a daeva
              (13 damage)
             ... in the Dungeon (Sprint I: "Red Sonja").
             The game lasted 00:13:29 (2210 turns).

Hipnos the Ninja (Spriggan Enchanter)               Turns: 2210, Time: 00:13:30

Health: 0/56       AC:  4    Str:  4    XL:     12   Next: 21%
Magic:  33/33      EV: 26    Int: 22    God:    Sif Muna [******]
Gold:   843        SH:  0    Dex: 16    Spells: 5 memorised, 27 levels left

rFire  . . .     SeeInvis +     o - +5 dagger (speed)
rCold  . . .     Gourm    .     b - +1 robe
rNeg   . . .     Faith    .     (shield restricted)
rPois  +         Spirit   .     (helmet restricted)
rElec  .         Dismiss  .     k - +0 cloak {rPois}
rCorr  .         Reflect  .     (gloves unavailable)
SustAt .         Harm     .     (boots unavailable)
MR     ++...     NoTele   +     (no amulet)
Stlth  +++++.....               (no ring)
                                m - ring of see invisible

@: glowing, very quick, very resistant to hostile enchantments, quite stealthy
A: unfitting armour, see invisible, herbivore 3, speed 3, slow metabolism 2
a: Channel Energy, Forget Spell, Renounce Religion


You were in the Dungeon.
You worshipped Sif Muna.
Sif Muna was exalted by your worship.
You were not hungry.

You visited 1 branch You collected 1407 gold pieces.
You spent 564 gold pieces at shops.

Inventory:

Hand Weapons
 a - a +1 dagger
 o - a +5 dagger of speed (weapon)
Armour
 b - a +1 robe (worn)
 k - a +0 cloak of poison resistance (worn)
Jewellery
 m - a ring of see invisible (left hand)
 v - an uncursed ring of sustain attributes {unknown}
Scrolls
 i - 3 scrolls of immolation {unknown}
 l - a scroll of magic mapping {unknown}
 n - a scroll of holy word {unknown}
 q - a scroll of identify {unknown}
 t - a scroll of remove curse {unknown}
 u - 2 scrolls of random uselessness {unknown}
Potions
 e - a potion of curing
 f - a potion of heal wounds
 g - a potion of haste
 h - 2 potions of magic
Books
 c - a book of Maledictions

   Spells                             Type                      Level
   a - Corona                         Hexes                        1
   b - Ensorcelled Hibernation        Hexes/Ice                    2
   c - Confuse                        Hexes                        3
   d - Tukima's Dance                 Hexes                        3
   e - Dazzling Spray                 Conjuration/Hexes            3
 j - Sif Muna's Incunabulum of Aerial Cold
   (Sif Muna gifted it to you in the Dungeon)

   Spells                             Type                      Level
   a - Freeze                         Ice                          1
   b - Repel Missiles                 Charms/Air                   2
   c - Static Discharge               Conjuration/Air              3
   d - Ice Form                       Ice/Transmutation            4
   e - Summon Lightning Spire         Summoning/Air                4
   f - Silence                        Hexes/Air                    5
   g - Simulacrum                     Ice/Necromancy               6
   h - Chain Lightning                Conjuration/Air              8
 p - Sif Muna's Incunabulum of Execration and Necromancy
   (Sif Muna gifted it to you in the Dungeon)

   Spells                             Type                      Level
   a - Confusing Touch                Hexes                        2
   b - Dazzling Spray                 Conjuration/Hexes            3
   c - Inner Flame                    Hexes/Fire                   3
   d - Darkness                       Hexes                        6
 r - Ypugem's Handbook of Enthralling Aid
   (Sif Muna gifted it to you in the Dungeon)

   Spells                             Type                      Level
   a - Slow                           Hexes                        2
   b - Spectral Weapon                Hexes/Charms                 3
   c - Fulminant Prism                Conjuration/Hexes            4
   d - Metabolic Englaciation         Hexes/Ice                    5
   e - Invisibility                   Hexes                        6
 s - Sif Muna's Disquisition on Lucky Curses
   (Sif Muna gifted it to you in the Dungeon)

   Spells                             Type                      Level
   a - Regeneration                   Charms/Necromancy            3
   b - Inner Flame                    Hexes/Fire                   3
   c - Darkness                       Hexes                        6
Comestibles
 d - 3 bread rations


   Skills:
 + Level 3.1 Fighting
 + Level 5.5 Short Blades
 + Level 10.9 Dodging
 O Level 27 Stealth
 * Level 16.3 Spellcasting
 * Level 19.2 Hexes
 - Level 2.2 Ice Magic


You had 27 spell levels left.
You knew the following spells:

 Your Spells              Type           Power        Failure   Level  Hunger
a - Corona                Hex            #######      0%          1    None
b - Ensorcelled Hibernat  Hex/Ice        ######       1%          2    None
c - Confuse               Hex            #######.     0%          3    None
d - Invisibility          Hex            #######.     1%          6    ####...
e - Fulminant Prism       Conj/Hex       ######....   1%          4    None


Dungeon Overview and Level Annotations

Branches:
Dungeon (1/1)

Altars:
Cheibriados
Dithmenos
Elyvilon
Fedhas
Gozag
Kikubaaqudgha
Makhleb
Nemelex Xobeh
Okawaru
Pakellas
Qazlal
Ru
Sif Muna
Trog
Vehumet
Xom
Yredelemnul
Zin
The Shining One
Jiyva

Shops:
D }?*(}([[[%(%(?[?

Annotations:
D Tiamat


Innate Abilities, Weirdness & Mutations

You are tiny and cannot use many weapons and most armour.
You have supernaturally acute eyesight.
You are a herbivore.
You cover ground extremely quickly.
You need consume almost no food.


Message History

The daeva calls down the wrath of the Shining One upon you.
The Shining One smites you!
You see here 27 gold pieces.
You now have 762 gold pieces (gained 27).
You see here 27 gold pieces.
You now have 789 gold pieces (gained 27).
The daeva calls down the wrath of the Shining One upon you.
The Shining One smites you!
You see here 27 gold pieces.
You now have 816 gold pieces (gained 27).
You see here 27 gold pieces.
You now have 843 gold pieces (gained 27).
The daeva calls down the wrath of the Shining One upon you.
The Shining One smites you!
* * * LOW HITPOINT WARNING * * *
You see here a shiny onyx ring.
v - a shiny onyx ring The daeva calls down the wrath of the Shining One upon you.
The Shining One smites you!
You die...

###################
#..#§...§§§.§§.'..#
##'#§####§§§§§##..+
'.§#§# ##÷§÷######
#.§§§# ###§#[[@##
#+#### #§##...#
#..###.# ##.#A#.#
## #..###.# .#
#.##...# .#
#..#'### .# ##...#
.# ###.#


You could see a daeva.

Vanquished Creatures
  4 fire giants (D)
  A hydra (D)
  2 centaur warriors (D)
  Sonja (D)
  7 unseen horrors (D)
  A deep troll (D)
  A lindwurm (D)
  An oklob plant (D)
  2 kobold demonologists (D)
  4 demonic crawlers (D)
  A slime creature (D)
  2 redbacks (D)
  Sigmund (D)
  A yak (D)
  13 hogs (D)
  3 giant eyeballs (D)
  7 necrophages (D)
  A wasp (D)
  An ogre (D)
  8 jellies (D)
  Ijyb (D)
63 creatures vanquished.

Notes
Turn   | Place    | Note
--------------------------------------------------------------
     0 | D        | Hipnos the Spriggan Enchanter began the quest for the Orb.
     0 | D        | Reached XP level 1. HP: 9/9 MP: 5/5
     1 | D        | Noticed Ijyb
    14 | D        | Killed Ijyb
    14 | D        | Reached skill level 6 in Stealth
    14 | D        | Reached XP level 2. HP: 13/13 MP: 7/7
    22 | D        | Learned a level 2 spell: Ensorcelled Hibernation
    62 | D        | Noticed an ogre
    69 | D        | Killed an ogre
    69 | D        | Reached skill level 10 in Stealth
    69 | D        | Reached XP level 3. HP: 17/17 MP: 5/9
    69 | D        | Reached XP level 4. HP: 21/21 MP: 6/11
   116 | D        | Learned a level 3 spell: Confuse
   116 | D        | Noticed Sigmund
   119 | D        | Killed Sigmund
   119 | D        | Reached skill level 13 in Stealth
   119 | D        | Reached skill level 10 in Hexes
   119 | D        | Reached XP level 5. HP: 25/25 MP: 13/13
   132 | D        | Found a deep blue altar of Sif Muna.
   134 | D        | Found a radiant altar of Vehumet.
   138 | D        | Became a worshipper of Sif Muna the Loreminder
   140 | D        | Reached XP level 6. HP: 29/29 MP: 14/14
   158 | D        | Found Alibowu's Gadget Emporium.
   158 | D        | Found a white marble altar of Elyvilon.
   158 | D        | Found a stormy altar of Qazlal.
   158 | D        | Found a burning altar of Makhleb.
   158 | D        | Found a sacrificial altar of Ru.
   158 | D        | Found an oddly glowing altar of Pakellas.
   158 | D        | Found a basalt altar of Yredelemnul.
   158 | D        | Found a glowing golden altar of the Shining One.
   158 | D        | Found a sparkling altar of Nemelex Xobeh.
   158 | D        | Found a shimmering altar of Xom.
   158 | D        | Found an opulent altar of Gozag.
   158 | D        | Found an ancient bone altar of Kikubaaqudgha.
   158 | D        | Found a glowing silver altar of Zin.
   158 | D        | Noticed a yak
   159 | D        | Found an iron altar of Okawaru.
   160 | D        | Killed a yak
   160 | D        | Reached * piety under Sif Muna
   160 | D        | Reached skill level 1 in Fighting
   160 | D        | Reached skill level 5 in Dodging
   160 | D        | Reached skill level 14 in Stealth
   160 | D        | Reached skill level 5 in Spellcasting
   160 | D        | Reached skill level 1 in Ice Magic
   161 | D        | Found a bloodstained altar of Trog.
   188 | D        | Found a snail-covered altar of Cheibriados.
   188 | D        | Found a viscous altar of Jiyva.
   188 | D        | Found a shadowy altar of Dithmenos.
   188 | D        | Found a blossoming altar of Fedhas.
   188 | D        | Noticed a slime creature
   191 | D        | Killed a slime creature
   191 | D        | Reached skill level 15 in Stealth
   191 | D        | Reached XP level 7. HP: 33/33 MP: 16/16
   217 | D        | Noticed Sonja
   221 | D        | Killed Sonja
   221 | D        | Reached ** piety under Sif Muna
   221 | D        | Reached skill level 18 in Stealth
   221 | D        | Reached XP level 8. HP: 37/37 MP: 16/18
   233 | D        | Noticed a deep troll
   237 | D        | Killed a deep troll
   237 | D        | Reached *** piety under Sif Muna
   237 | D        | Reached skill level 19 in Stealth
   249 | D        | Found Litil's Armour Emporium.
   253 | D        | Bought a +0 cloak of poison resistance for 102 gold pieces
   275 | D        | Noticed a centaur warrior
   276 | D        | Noticed a centaur warrior
   282 | D        | Killed a centaur warrior
   282 | D        | Reached **** piety under Sif Muna
   282 | D        | Reached skill level 20 in Stealth
   282 | D        | Reached XP level 9. HP: 25/42 MP: 15/20
   289 | D        | Killed a centaur warrior
   289 | D        | Reached skill level 21 in Stealth
   289 | D        | Reached skill level 15 in Hexes
   493 | D        | Noticed an oklob plant
   495 | D        | Killed an oklob plant
   495 | D        | Reached ***** piety under Sif Muna
   495 | D        | Reached skill level 22 in Stealth
   532 | D        | Reached XP level 10. HP: 46/46 MP: 22/22
   539 | D        | Noticed an unseen horror
   540 | D        | Noticed an unseen horror
   546 | D        | Killed an unseen horror
   546 | D        | Reached skill level 23 in Stealth
   548 | D        | Killed an unseen horror
   580 | D        | Reached skill level 24 in Stealth
   890 | D        | Found Fumman's General Store.
   890 | D        | Found Luiqy's Magic Scroll Shop.
   890 | D        | Found Posarir's Weapon Boutique.
   892 | D        | Found Bonie's Gadget Emporium.
   892 | D        | Found Ofobaebbi's Antique Weapon Shop.
   892 | D        | Found Foagut's Antique Armour Shoppe.
   892 | D        | Found Vefeaf's Armour Boutique.
   892 | D        | Found Sukk's Armour Emporium.
   892 | D        | Found Kyank's Food Shop.
   892 | D        | Found Mueheud's Antique Weapon Shoppe.
   896 | D        | Found Cipyulep's Food Boutique.
   897 | D        | Found Ymon's Magic Scroll Emporium.
   897 | D        | Found Xegylo's Weapon Boutique.
   898 | D        | Found Piorenex's Magic Scroll Emporium.
   920 | D        | Bought a +5 dagger of speed for 462 gold pieces
   977 | D        | Paralysed by a giant eyeball for 3 turns
  1049 | D        | Reached ****** piety under Sif Muna
  1049 | D        | Received a gift from Sif Muna
  1050 | D        | Identified Sif Muna's Incunabulum of Execration and Necromancy (Sif Muna gifted it to you in the Dungeon)
  1208 | D        | Reached skill level 10 in Spellcasting
  1440 | D        | Noticed a lindwurm
  1444 | D        | Killed a lindwurm
  1444 | D        | Reached skill level 10 in Dodging
  1456 | D        | Reached skill level 25 in Stealth
  1456 | D        | Reached XP level 11. HP: 51/51 MP: 25/27
  1619 | D        | Noticed a 12-headed hydra
  1621 | D        | Killed a 12-headed hydra
  1621 | D        | Reached skill level 26 in Stealth
  1640 | D        | Noticed a daeva
  1643 | D        | Noticed an unseen horror
  1643 | D        | Noticed an unseen horror
  1643 | D        | Noticed an unseen horror
  1644 | D        | Noticed an unseen horror
  1646 | D        | Killed an unseen horror
  1646 | D        | Received a gift from Sif Muna
  1647 | D        | Identified Ypugem's Handbook of Enthralling Aid (Sif Muna gifted it to you in the Dungeon)
  1648 | D        | Noticed an unseen horror
  1649 | D        | Killed an unseen horror
  1650 | D        | Killed an unseen horror
  1655 | D        | Killed an unseen horror
  1655 | D        | Reached skill level 27 in Stealth
  1657 | D        | Killed an unseen horror
  1665 | D        | Learned a level 6 spell: Invisibility
  1670 | D        | Learned a level 4 spell: Fulminant Prism
  1752 | D        | Noticed a fire giant
  1755 | D        | Noticed a fire giant
  1756 | D        | Noticed a fire giant
  1757 | D        | Noticed a fire giant
  1759 | D        | Killed a fire giant
  1759 | D        | Received a gift from Sif Muna
  1759 | D        | Reached skill level 5 in Short Blades
  1760 | D        | Identified Sif Muna's Disquisition on Lucky Curses (Sif Muna gifted it to you in the Dungeon)
  2024 | D        | Killed a fire giant
  2051 | D        | Killed a fire giant
  2051 | D        | Reached skill level 15 in Spellcasting
  2051 | D        | Reached XP level 12. HP: 41/56 MP: 11/32
  2062 | D        | Killed a fire giant
  2062 | D        | Received a gift from Sif Muna
  2063 | D        | Identified Sif Muna's Incunabulum of Aerial Cold (Sif Muna gifted it to you in the Dungeon)
  2150 | D        | Noticed Tiamat
  2210 | D        | Killed from afar by a daeva

Skill      XL: |  1  2  3  4  5  6  7  8  9 10 11 12 |
---------------+-------------------------------------+-----
Stealth        | 6 10 13 15 18 20 22 25 27 | 27.0
Spellcasting   | 3 4 5 6 7 11 15 16 | 16.3
Hexes          | 6 7 10 12 13 14 15 16 18 19 | 19.2
Dodging        | 4 5 6 8 10 | 10.9
Fighting       | 1 2 3 |  3.1
Short Blades   | 2 3 4 5 |  5.5
Ice Magic      | 1 2 |  2.2

Action                   |  1- 3 |  4- 6 |  7- 9 | 10-12 || total
-------------------------+-------+-------+-------+-------++-------
Melee: Dagger            |    12 |     4 |    11 |    86 ||   113
 Cast: Ensorcelled Hiber |     1 |       |     1 |    31 ||    33
       Confuse           |       |       |     3 |    25 ||    28
  Use: Potion            |     1 |       |       |     1 ||     2
       Scroll            |       |       |       |     1 ||     1
 Stab: Sleeping          |     2 |     4 |     8 |    34 ||    48
       Confused          |       |       |     2 |    17 ||    19
Armor: Robe              |       |       |       |    13 ||    13
Dodge: Dodged            |     6 |       |     2 |    97 ||   105
